 Dungeon Crawl Stone Soup version 0.20-a0-633-gff4aa5c (webtiles) character file.

2044 krabocopter the Carver (level 9, 0/49 HPs)
             Began as a Vine Stalker Fighter on Feb 11, 2017.
             Was a Believer of Uskayaw.
             Slain by an orc warrior
             ... wielding a +0 war axe
              (7 damage)
             ... on level 6 of the Dungeon.
             The game lasted 00:15:42 (3757 turns).

krabocopter the Carver (Vine Stalker Fighter)       Turns: 3757, Time: 00:15:44

Health: 0/49       AC:  8    Str: 19    XL:     9   Next: 24%
Magic:  0/10       EV: 12    Int:  8    God:    Uskayaw [**....]
Gold:   238        SH: 10    Dex: 22    Spells: 8/8 levels left

rFire    . . .     SeeInvis .   a - +0 long sword
rCold    . . .     Gourm    .   b - +0 scale mail
rNeg     . . .     Faith    .   c - +0 shield
rPois    .         Spirit   +   (no helmet)
rElec    .         Reflect  .   j - +1 cloak
rCorr    .         Harm     .   (no gloves)
MR       +....                  (no boots)
Stlth    ++........             (no amulet)
Regen    0.6/turn               (no ring)
                                (no ring)

@: agile
A: fangs 3, regeneration 1, magic shield, antimagic bite, no potion heal 3, rot
immunity
a: Stomp, Line Pass, Renounce Religion


You were on level 6 of the Dungeon.
You worshipped Uskayaw.
Uskayaw was noncommittal.
You were not hungry.

You visited 2 branches of the dungeon, and saw 7 of its levels.

You collected 238 gold pieces.

Inventory:

Hand Weapons
 a - a +0 long sword (weapon)
Armour
 b - a +0 scale mail (worn)
 c - a +0 shield (worn)
 j - a +1 cloak (worn)
Jewellery
 s - an uncursed ring of protection from magic {unknown}
Wands
 u - a wand of lightning (5/15)
 x - a wand of iceblast (6/15)
Scrolls
 e - 5 scrolls of identify
 g - a scroll of blinking {unknown}
 h - 2 scrolls of remove curse
 l - 2 scrolls of enchant weapon {unknown}
 o - 2 scrolls of teleportation
Potions
 d - a potion of resistance {unknown}
 k - a potion of lignification {unknown}
 m - a potion of haste
 p - 5 potions of curing
 v - a potion of mutation {unknown}
 w - a potion of brilliance {unknown}
Books
 q - a book of Misfortune

   Spells                             Type                      Level
   a - Confusing Touch                Hexes                        1
   b - Confuse                        Hexes                        3
   c - Gell's Gravitas                Hexes/Translocation          3
   d - Petrify                        Transmutation/Earth          4
   e - Metabolic Englaciation         Hexes/Ice                    5
   f - Yara's Violent Unravelling     Hexes/Transmutation          5
Comestibles
 f - 4 bread rations
 i - 6 meat rations
 r - a royal jelly
 t - a chunk of flesh


   Skills:
 + Level 6.6 Fighting
 * Level 9.2 Long Blades
 - Level 2.4 Armour
 - Level 2.6 Shields


You had 8 spell levels left.
You didn't know any spells.

Dungeon Overview and Level Annotations

Branches:
Dungeon (6/15)             Temple (1/1) D:6

Altars:
Ashenzari
Cheibriados
Dithmenos
Elyvilon
Fedhas
Gozag
Makhleb
Nemelex Xobeh
Okawaru
Qazlal
Sif Muna
Trog
Uskayaw
Yredelemnul
Zin
The Shining One

Shops:
D:5 [


Innate Abilities, Weirdness & Mutations

You have razor-sharp teeth.
Your natural rate of healing is unusually fast.
When hurt, damage is shared between your health and your magic reserves.
Your bite disrupts and absorbs the magic of your enemies.
Potions cannot restore your health.
You are immune to rotting.


Message History

You can now pass through a line of other dancers.
You slash the orc warrior! You bite the orc warrior. You drain its power.
You feel invigorated.
The orc warrior is heavily wounded.
You block the orc warrior's attack.
You hit the orc warrior but do no damage.
The orc warrior is heavily wounded.
The orc warrior hits you with a war axe!
* * * LOW HITPOINT WARNING * * *
You hit the orc warrior but do no damage.
You bite the orc warrior. You drain its power.
You feel invigorated.
The orc warrior is heavily wounded.
You block the orc warrior's attack.
You hit the orc warrior.
The orc warrior is severely wounded.
The orc priest mumbles some strange prayers to Beogh against you.
Beogh smites you!
* * * LOW HITPOINT WARNING * * *
The orc warrior hits you with a war axe!
You die...

#.#.#.##...#########
..#.#.#...........#
..#.#.###########.#
####
#.#.#...........#.##
...#
#.#.................
####
#o#############.#.##
#.# #.#.#
#.#############.#.##
#oo@............#...
####################


You could see an orc warrior and an orc priest.

Vanquished Creatures
  Grinder (D:6)
  Menkaure (D:4)
  An ice beast (D:5)
  A black bear (D:6)
  An ogre (D:4)
  The ghost of Gorice the Slasher, an amateur BaFi (D:3)
  Blork the orc (D:4)
  6 bullfrogs
  A wyvern skeleton (D:6)
  2 scorpions
  3 wights (D:6)
  A howler monkey (D:4)
  2 crimson imps (D:5)
  A jelly (D:5)
  2 bullfrog skeletons
  3 orc priests (D:6)
  5 orc wizards
  3 worker ants
  7 adders
  2 oozes
  An adder skeleton (D:4)
  5 worms
  7 leopard geckos
  11 orcs
  8 bats
  3 giant cockroaches
  9 goblins
  4 hobgoblins
  6 jackals (D:3)
  2 quokkas
  2 ball pythons (D:1)
  2 frilled lizards
  8 kobolds
  26 rats
139 creatures vanquished.

Notes
Turn   | Place    | Note
-------+----------+-------------------------------------------
     0 | D:1      | krabocopter the Vine Stalker Fighter began the quest for the Orb.
     0 | D:1      | Reached XP level 1. HP: 11/11 MP: 2/2
    36 | D:1      | Reached skill level 2 in Long Blades
    67 | D:1      | Reached XP level 2. HP: 16/16 MP: 3/3
   256 | D:1      | Found a glowing golden altar of the Shining One.
   432 | D:2      | Reached XP level 3. HP: 20/20 MP: 4/4
   635 | D:2      | Reached skill level 3 in Long Blades
   711 | D:2      | Gained mutation: Your natural rate of healing is unusually fast. [Vine Stalker growth]
   711 | D:2      | Reached XP level 4. HP: 23/24 MP: 5/5
  1097 | D:3      | Noticed a bullfrog
  1102 | D:3      | Killed a bullfrog
  1102 | D:3      | Reached skill level 4 in Long Blades
  1102 | D:3      | Reached XP level 5. HP: 26/28 MP: 6/6
  1153 | D:3      | Found a glowing golden altar of the Shining One.
  1157 | D:3      | Noticed Gorice's ghost (amateur BaFi)
  1172 | D:3      | Found a faded altar of an unknown god.
  1205 | D:3      | Killed Gorice's ghost
  1205 | D:3      | Reached XP level 6. HP: 11/33 MP: 3/7
  1383 | D:3      | Reached skill level 5 in Long Blades
  1393 | D:3      | Found an opulent altar of Gozag.
  1613 | D:4      | Noticed a two-headed ogre
  1907 | D:4      | Noticed Menkaure
  1922 | D:4      | Killed Menkaure
  1922 | D:4      | Reached XP level 7. HP: 24/38 MP: 4/8
  1942 | D:4      | Found a sparkling altar of Nemelex Xobeh.
  2005 | D:4      | Reached skill level 6 in Long Blades
  2249 | D:4      | Noticed Blork the orc
  2269 | D:4      | Killed Blork the orc
  2321 | D:5      | Entered Level 5 of the Dungeon
  2327 | D:5      | Reached skill level 5 in Fighting
  2393 | D:5      | Gained mutation: You have razor-sharp teeth. [Vine Stalker growth]
  2393 | D:5      | Reached XP level 8. HP: 29/43 MP: 9/9
  2486 | D:5      | Found Epneusimim's Antique Armour Shop.
  2617 | D:5      | Reached skill level 7 in Long Blades
  2999 | D:6      | Found a staircase to the Ecumenical Temple.
  3012 | Temple   | Entered the Ecumenical Temple
  3075 | Temple   | Became a worshipper of Uskayaw the Reveler
  3125 | D:6      | Reached * piety under Uskayaw
  3131 | D:6      | Reached ** piety under Uskayaw
  3144 | D:6      | Reached *** piety under Uskayaw
  3148 | D:6      | Reached **** piety under Uskayaw
  3152 | D:6      | Reached skill level 8 in Long Blades
  3152 | D:6      | Reached ***** piety under Uskayaw
  3229 | D:6      | Noticed Grinder
  3240 | D:6      | Paralysed by Grinder for 4 turns
  3246 | D:6      | Paralysed by Grinder for 4 turns
  3254 | D:6      | Paralysed by Grinder for 6 turns
  3263 | D:6      | Killed Grinder
  3362 | D:6      | Reached XP level 9. HP: 40/48 MP: 8/10
  3511 | D:6      | Reached skill level 9 in Long Blades
  3757 | D:6      | Slain by an orc warrior

Vault maps used:
D:1:      minmay_arrival_shattered_statue, tso_altar
D:2:      minmay_rat_hole
D:3:      overflow_temple_1_default, chequers_ecumenical_altar_simple_redux,
          first_bread, minmay_liquid_box, nicolae_gozag_seed_capital
D:4:      nemelex_xobeh_ov_fountains_minmay, uniq_blork_the_orc, uniq_menkaure
D:5:      serial_shops, shop
D:6:      nicolae_ru_great_annihilating_truth, marbit_many_paths,
          temple_statues, tgw_xom, uniq_grinder
Temple:   zaba_magenta_temple

Skill      XL: |  1  2  3  4  5  6  7  8  9 |
---------------+----------------------------+-----
Long Blades    | 2 3 4 5 6 8 9 |  9.2
Fighting       | 3 4 5 6 |  6.6
Armour         | |  2.4
Shields        | |  2.6

Action                   |  1- 3 |  4- 6 |  7- 9 || total
-------------------------+-------+-------+-------++-------
Melee: Long sword        |    61 |   136 |   232 ||   429
       Bite              |    19 |    43 |    94 ||   156
Invok: Stomp             |       |       |     1 ||     1
  Use: Potion            |       |     4 |     2 ||     6
       Scroll            |       |     6 |       ||     6
 Stab: Paralysed         |       |       |     2 ||     2
  Eat: Chunk             |       |     4 |     6 ||    10
Armor: Scale mail        |    40 |    62 |    75 ||   177
Dodge: Dodged            |    23 |    40 |    56 ||   119
Block: Shield            |    28 |    64 |    94 ||   186
       Rpst.: Long sword |     7 |    17 |    15 ||    39
